 Dungeon Crawl Stone Soup version 0.18-a0-1562-gac8da35 (webtiles) character file.

1377 M4edhros the Covert (level 8, 0/43 HPs)
             Began as an Octopode Artificer on Mar 13, 2016.
             Slain by an iguana (14 damage)
             ... on level 6 of the Dungeon.
             The game lasted 00:09:15 (6077 turns).

M4edhros the Covert (Octopode Artificer)            Turns: 6077, Time: 00:09:16

Health: 0/43       AC:  1    Str: 10    XL:     8   Next: 66%
Magic:  12/12      EV: 15    Int: 14    God:
Gold:   289        SH:  0    Dex: 15    Spells: 0 memorised, 7 levels left

rFire  . . .     SeeInvis .     o - +1 whip (flame)
rCold  + . .     Gourm    .     (no shield)
rNeg   . . .     Faith    .     (helmet restricted)
rPois  .         Spirit   .     (no amulet)
rElec  .         Dismiss  .     l - ring of protection from cold
rCorr  .         Reflect  .     q - ring of flight
SustAt .         Harm     .     (no ring)
MR     .....                    (no ring)
Stlth  ++++++....               (no ring)
                                (no ring)
                                (no ring)
                                (no ring)

@: not resistant to hostile enchantments, very stealthy
A: almost no armour, amphibious, 8 rings, constrict 8, tentacle spike 1,
camouflage 1, frail 1, sense surroundings 1, gelatinous body 1
a: Evoke Flight


You were on level 6 of the Dungeon.
You were not hungry.

You visited 1 branch of the dungeon, and saw 7 of its levels.

You collected 289 gold pieces.

Inventory:

Hand Weapons
 a - a +0 short sword
 o - a +1 whip of flaming (weapon)
Missiles
 g - 6 javelins (quivered)
 m - 21 sling bullets
Armour
 e - the cursed +0 leather armour of the Trout {*Confuse Str+6}
   (You found it on level 4 of the Dungeon)

   It affects your strength (+6).
   It may confuse you when you take damage.
   It has a curse placed upon it.
 p - the +0 leather armour of the Doldrums {rPois rC+}
   (You found it on level 4 of the Dungeon)

   It protects you from cold.
   It protects you from poison.
Jewellery
 l - a ring of protection from cold (left tentacle)
 q - a ring of flight (right tentacle)
Wands
 b - a wand of flame (1/48)
 c - a wand of enslavement (4/24)
 d - a wand of random effects (0/48)
Scrolls
 i - a scroll of enchant armour
Potions
 j - 2 potions of heal wounds
 r - a potion of flight
 t - a potion of cancellation {unknown}
Books
 n - a book of Power

   Spells                             Type                      Level
   a - Fulminant Prism                Conjuration/Hexes            4
   b - Iskenderun's Mystic Blast      Conjuration                  4
   c - Venom Bolt                     Conjuration/Poison           5
   d - Bolt of Magma                  Conjuration/Fire/Earth       5
   e - Iron Shot                      Conjuration/Earth            6
   f - Orb of Destruction             Conjuration                  7
   g - Spellforged Servitor           Conjuration/Summoning        7
Comestibles
 f - 6 bread rations
 h - 2 meat rations


   Skills:
 - Level 1.0 Fighting
 - Level 1.0 Short Blades
 + Level 5.3 Dodging
 * Level 10.6 Stealth
 + Level 6.4 Evocations


You had 7 spell levels left.
You didn't know any spells.

Dungeon Overview and Level Annotations

Branches:
Dungeon (7/15)
 Temple: D:4-7

Altars:

Shops:
D:6 [


Innate Abilities, Weirdness & Mutations

You cannot wear most types of armour.
You are amphibious.
You can wear up to eight rings at the same time.
You can use your tentacles to constrict eight enemies at once.
Your skin changes colour to match your surroundings (Stealth).
Your rubbery body absorbs attacks (AC +1).
One of your tentacles bears a spike.
You are frail (-10% HP).
You passively map a small area around you.


Message History

No target in view!
You start resting.
The iguana is no longer charmed.
You barely miss the iguana.
The iguana hisses angrily.
Your grab misses the iguana. Your squeeze misses the iguana.
The iguana bites you but does no damage.
The iguana bites you.
You closely miss the iguana. Your grab misses the iguana.
The iguana barely misses you.
You hit the iguana but do no damage. You grab the iguana.
You pierce the iguana, but do no damage.
You constrict the iguana, but do no damage.
The iguana barely misses you.
You hit the iguana but do no damage. You constrict the iguana.
The iguana bites you!
You hit the iguana. You burn the iguana.
The iguana is moderately wounded.
You constrict the iguana. The iguana bites you!
You die...

...........#.##.########
.............##.#
................#
............########
...........##......##
..<.................##
.........##.....>.[..#
###....####..........# #
###### #.....@l...# .#
#..........# .#
#.....(....# .#
##........## .#
#..........# ##
#..........#
#..........#
#..........#
#..........#


You could see an iguana.

Vanquished Creatures
  A black bear (D:6)
  A sky beast (D:6)
  An ogre (D:4)
  2 centaurs (D:5)
  2 giant frogs (D:6)
  A big kobold (D:4)
  A water moccasin skeleton (D:5)
  3 scorpions
  3 crimson imps
  A hound (D:6)
  A jelly (D:6)
  An orc priest (D:3)
  2 iguanas
  2 worker ants
  An orc wizard (D:4)
  2 hound skeletons
  A worker ant zombie (D:5)
  7 adders
  2 adder skeletons (D:4)
  2 worms (D:4)
  A dart slug (D:3)
  21 orcs
  5 bats
  2 giant cockroaches
  3 goblins
  2 hobgoblins (D:3)
  3 kobolds (D:3)
  3 quokkas
  A giant gecko skeleton (D:4)
  A giant gecko zombie (D:5)
  A giant newt (D:3)
  A quokka skeleton (D:5)
  A quokka zombie (D:5)
  2 rats (D:3)
84 creatures vanquished.

Vanquished Creatures (collateral kills)
  A crocodile (D:6)
  A worker ant (D:6)
  An adder (D:4)
  An orc (D:6)
4 creatures vanquished.

Vanquished Creatures (others)
  A hound (D:6)
  A jelly (D:4)
  An orc wizard (D:6)
3 creatures vanquished.

Grand Total: 91 creatures vanquished

Notes
Turn   | Place    | Note
--------------------------------------------------------------
     0 | D:1      | M4edhros the Octopode Artificer began the quest for the Orb.
     0 | D:1      | Reached XP level 1. HP: 13/13 MP: 3/3
   179 | D:2      | Reached skill level 2 in Stealth
   179 | D:2      | Reached XP level 2. HP: 6/18 MP: 4/4
   636 | D:3      | Reached skill level 3 in Stealth
   657 | D:3      | Reached XP level 3. HP: 14/23 MP: 5/5
  1275 | D:3      | Reached skill level 4 in Stealth
  1394 | D:3      | Reached XP level 4. HP: 19/28 MP: 6/6
  2212 | D:4      | Reached skill level 5 in Stealth
  2212 | D:4      | Reached XP level 5. HP: 31/33 MP: 6/8
  2387 | D:4      | HP: 1/33 [adder skeleton (1)]
  2730 | D:4      | Reached skill level 6 in Stealth
  2754 | D:4      | Reached XP level 6. HP: 33/38 MP: 9/9
  3003 | D:4      | Reached skill level 7 in Stealth
  3171 | D:4      | Reached XP level 7. HP: 33/43 MP: 10/10
  3180 | D:4      | Got a twisted leather armour
  3264 | D:4      | Identified the +0 leather armour of the Doldrums {rPois rC+} (You found it on level 4 of the Dungeon)
  3305 | D:4      | Got a translucent leather armour
  3539 | D:5      | Entered Level 5 of the Dungeon
  3546 | D:5      | Reached skill level 5 in Evocations
  3852 | D:5      | Reached skill level 8 in Stealth
  4818 | D:5      | Reached skill level 9 in Stealth
  4818 | D:5      | Reached XP level 8. HP: 33/48 MP: 12/12
  5208 | D:6      | Identified the cursed +0 leather armour of the Trout {*Confuse Str+6} (You found it on level 4 of the Dungeon)
  5222 | D:6      | Found Mylish's Antique Armour Emporium.
  5590 | D:6      | Reached skill level 5 in Dodging
  5604 | D:6      | Reached skill level 10 in Stealth
  5734 | D:6      | HP: 2/48 [something (5)]
  5768 | D:6      | Gained mutation: You are frail (-10% HP). [mutagenic meat]
  5769 | D:6      | Gained mutation: One of your tentacles bears a spike. [mutagenic meat]
  5770 | D:6      | Gained mutation: You passively map a small area around you. [mutagenic meat]
  6077 | D:6      | Slain by an iguana

Vault maps used:
D:1:      saegor_arrival_simple_a
D:2:      serial_bayou_lake_a
D:3:      first_bread
D:4:      minmay_small_thing
D:6:      serial_shops, shop, patterned_corridor
D:7:      grunt_temple_overflow_open, gammafunk_temple_overflow_elements,
          minmay_temple_entry_junction2, the_bakery, serial_bayou_pond_e,
          corexii_corridor_pit

Skill      XL: |  1  2  3  4  5  6  7  8 |
---------------+-------------------------+-----
Stealth        | 2 3 4 5 6 7 9 10 | 10.6
Dodging        | 3 4 5 |  5.3
Evocations     | 4 5 6 |  6.4
Fighting       | |  1.0
Short Blades   | |  1.0

Action                   |  1- 3 |  4- 6 |  7- 9 || total
-------------------------+-------+-------+-------++-------
Melee: Short sword       |    57 |    50 |       ||   107
       Whip              |       |    28 |   122 ||   150
Evoke: Wand              |       |    19 |    21 ||    40
  Use: Scroll            |     3 |       |     8 ||    11
       Potion            |     1 |     1 |     4 ||     6
 Stab: Sleeping          |     6 |     6 |     8 ||    20
       Distracted        |       |     1 |     1 ||     2
  Eat: Chunk             |     1 |     6 |    13 ||    20
